 Dungeon Crawl Stone Soup version 0.21-a0-531-gacddea6 (webtiles) character file.

27847 mortelune the Destroyer (level 13, -43/76 HPs)
             Began as a Deep Elf Fire Elementalist on Dec 14, 2017.
             Was a High Priest of Sif Muna.
             Annihilated by a spiny frog (54 damage)
             ... on level 4 of the Lair of Beasts.
             The game lasted 01:21:56 (25354 turns).

mortelune the Destroyer (DEFE)                     Turns: 25354, Time: 01:21:56

Health: -43/76     AC: 12    Str:  8    XL:     13   Next: 6%
Magic:  27/31      EV: 13    Int: 23    God:    Sif Muna [*****.]
Gold:   544        SH:  0    Dex: 20    Spells: 14/36 levels left

rFire    + . .     SeeInvis .   E - +10 dagger of Pandemonium {freeze, Dex+5}
rCold    x . .     Gourm    .   a - +0 buckler
rNeg     . . .     Faith    .   s - +2 robe {MR+}
rPois    .         Spirit   .   P - +0 helmet
rElec    .         Reflect  +   D - +1 cloak
rCorr    .         Harm     .   p - +0 pair of gloves
MR       ++...                  n - +2 pair of boots
Stlth    ++........             S - +5 amulet of reflection
HPRegen  0.22/turn              k - ring of fire
MPRegen  0.22/turn              O - ring of wizardry

@: sleeping, very slightly contaminated
A: no striking features
a: Divine Energy, Channel Magic, Forget Spell, Renounce Religion


You were on level 4 of the Lair of Beasts.
You worshipped Sif Muna.
Sif Muna was extremely pleased with you.
You were not hungry.

You visited 2 branches of the dungeon, and saw 15 of its levels.
You also visited: Sewer.

You collected 809 gold pieces.
You spent 265 gold pieces at shops.

Inventory:

Hand Weapons
 y - a +3 trident of venom
 E - the +10 dagger of Pandemonium (weapon) {freeze, Dex+5}
   (You found it on level 4 of the Dungeon)

   It has been specially enchanted to freeze those struck by it, causing extra
   injury to most foes and up to half again as much damage against particularly
   susceptible opponents.
   It can also slow down cold-blooded creatures.
   It affects your dexterity (+5).
Missiles
 i - 309 stones (quivered)
Armour
 a - a +0 buckler (worn)
 n - a +2 pair of boots (worn)
 p - a +0 pair of gloves (worn)
 s - a +2 robe of magic resistance (worn)
 D - a +1 cloak (worn)
 I - a +1 leather armour of cold resistance
 P - a +0 helmet (worn)
 U - a +2 leather armour of fire resistance
Jewellery
 k - a ring of fire (left hand)
 O - a ring of wizardry (right hand)
 S - a +5 amulet of reflection (around neck)
 Y - an uncursed ring of poison resistance
Wands
 b - a wand of enslavement (18)
 d - a wand of clouds (5)
 l - a wand of iceblast (14)
 q - a wand of paralysis (19)
 J - a wand of polymorph (10)
 X - a wand of disintegration (9)
Scrolls
 e - a scroll of enchant armour
 g - a scroll of immolation {unknown}
 j - 5 scrolls of fear
 m - a scroll of blinking
 v - 3 scrolls of enchant weapon
 x - 15 scrolls of teleportation
 A - 5 scrolls of remove curse
 H - 3 scrolls of magic mapping
 M - a scroll of random uselessness {unknown}
 N - 3 scrolls of fog
 R - a scroll of noise {unknown}
 W - a scroll of amnesia
Potions
 f - 4 potions of curing
 h - 4 potions of flight
 o - 4 potions of haste
 t - 5 potions of might
 w - a potion of brilliance
 B - a potion of invisibility
 C - 3 potions of agility
 F - 2 potions of ambrosia
 G - a potion of heal wounds
 K - a potion of cancellation {unknown}
 T - a potion of resistance {unknown}
 Z - 2 potions of berserk rage
Books
 Q - a Young Poisoner's Handbook

   Spells                             Type                      Level
   a - Sting                          Conjuration/Poison           1
   b - Poisonous Vapours              Poison/Air                   2
   c - Mephitic Cloud                 Conjuration/Poison/Air       3
   d - Olgreb's Toxic Radiance        Poison                       4
   e - Venom Bolt                     Conjuration/Poison           5
Miscellaneous
 L - a lightning rod (4/4)
 V - a lamp of fire
Comestibles
 c - 8 bread rations
 r - 3 chunks of flesh
 u - 8 royal jellies
 z - 2 meat rations


   Skills:
 - Level 7.0 Fighting
 - Level 2.2 Short Blades
 - Level 6.0 Armour
 - Level 2.4 Dodging
 - Level 2.4 Stealth
 * Level 2.7 Shields
 + Level 12.3 Spellcasting
 + Level 12.6 Conjurations
 * Level 12.2 Fire Magic
 + Level 4.0 Invocations


You had 14 spell levels left.
You knew the following spells:

 Your Spells              Type           Power        Failure   Level  Hunger
a - Fireball              Conj/Fire      #######...   1%          5    ###....
b - Throw Flame           Conj/Fire      ######       1%          2    None
c - Conjure Flame         Conj/Fire      #######.     1%          3    None
d - Sticky Flame          Conj/Fire      #######.     1%          4    None
e - Orb of Destruction    Conj           ######....   10%         7    ######.
f - Flame Tongue          Conj/Fire      #####        1%          1    None


Dungeon Overview and Level Annotations

Branches:
Dungeon (11/15)            Temple (0/1) D:5            Lair (4/6) D:11
 Shoals (0/4) Lair:3        Snake (0/4) Lair:3
    Orc: D:9-12

Altars:
Ashenzari
Dithmenos
Elyvilon
Fedhas
Kikubaaqudgha
Nemelex Xobeh
Okawaru
Sif Muna
Trog
Uskayaw
Wu Jian
Xom
Yredelemnul
Zin

Shops:
D:4 (   D:8 *   D:10 *(%   D:11 }


Message History

A spiny frog and a dream sheep come into view.
The eight-headed hydra burns!
The dream sheep moves out of view.
The dream sheep bleats!
The eight-headed hydra burns!
A dream sheep comes into view.
A dream sheep comes into view.
The dream sheep bleats!
The spiny frog croaks.
The eight-headed hydra burns!
The dream sheep shake their wool and sparkle.
You feel drowsy...
You fall asleep.
A dream sheep comes into view.
The eight-headed hydra burns!
The eight-headed hydra burns!
The dream sheep bleats!
The eight-headed hydra burns!
The spiny frog misses you.
A six-headed hydra comes into view.
The eight-headed hydra burns!
The dream sheep closely misses you. The spiny frog stings you!!!
Ouch! That really hurt!
You die...

.####.....#######....#.
......D.....PP###.#.....
........................
........................
........................
........................
.......Y<..###..P.##....
....YYYF...# #..####...#
##..#P@..####.+## ...P
#. ##r..###....# ....
##.D..##.[..# .... .
#.....##..#P# ...P
..##....##.#######....
#+.......#....##......
.....................#
....................#
....................#


You could see an eight-headed hydra (burning), a six-headed hydra (wandering), a
spiny frog, 4 dream sheep and a porcupine.

Vanquished Creatures
  4 hydras
  5 two-headed ogres
  2 death yaks
  The ghost of zero the Covert, a journeyman SpEn of Vehumet (D:11)
  2 wizards (D:8)
  A manticore (D:11)
  A cyclops (D:11)
  A black mamba (Lair:3)
  Psyche (D:10)
  A torpor snail (Lair:2)
  3 spiny frogs
  2 rime drakes
  2 komodo dragons (Lair:3)
  A polar bear (Lair:4)
  Grinder (D:6)
  A troll (D:11)
  Prince Ribbit (D:6)
  7 blink frogs
  4 hippogriffs
  A shadow (D:11)
  12 yaks
  A vampire (D:11)
  Eustachio (D:6)
  A human (D:11)
  A basilisk (Lair:1)
  A hungry ghost (D:7)
  Grum (D:9)
  4 hogs (D:11)
  Edmund (D:6)
  3 nagas (Lair:3)
  5 water moccasins
  12 porcupines
  2 sky beasts
  An ice beast (D:6)
  5 orc warriors
  2 black bears (D:11)
  A necrophage (D:9)
  A phantom (D:6)
  5 centaurs
  10 ogres
  4 wolves (D:9)
  4 crocodiles
  12 bullfrogs
  8 killer bees
  3 scorpions
  22 wights
  2 howler monkeys (D:9)
  2 centaur zombies
  4 crimson imps
  7 jellies
  7 hounds
  3 centaur skeletons
  9 orc priests
  3 iguanas
  3 bullfrog skeletons
  Jessica (D:2)
  7 orc wizards
  7 worker ants
  2 hound zombies
  A howler monkey zombie (D:7)
  2 worker ant zombies
  4 gnolls (D:5)
  A howler monkey skeleton (D:4)
  A river rat (Sewer)
  9 adders
  2 shadow imps
  An ooze (D:3)
  An adder zombie (D:7)
  5 worms
  6 dart slugs
  4 leopard geckos
  25 orcs
  3 ball pythons
  5 giant cockroaches
  7 hobgoblins
  5 jackals
  2 quokkas
  12 bats
  13 frilled lizards
  2 gnoll zombies (D:2)
  4 goblins
  9 kobolds
  A leopard gecko skeleton (D:6)
  16 rats
363 creatures vanquished.

Vanquished Creatures (others)
  9 fungi
  5 plants
14 creatures vanquished.

Grand Total: 377 creatures vanquished

Notes
Turn   | Place    | Note
-------+----------+-------------------------------------------
     0 | D:1      | mortelune the Deep Elf Fire Elementalist began the quest for the Orb.
     0 | D:1      | Reached XP level 1. HP: 10/10 MP: 6/6
   402 | D:1      | Reached XP level 2. HP: 13/15 MP: 6/8
   409 | D:1      | Learned a level 2 spell: Throw Flame
  1037 | D:1      | Reached XP level 3. HP: 19/19 MP: 4/9
  1365 | D:1      | Learned a level 3 spell: Conjure Flame
  1455 | D:2      | Found an ornate altar of the Wu Jian Council.
  1630 | D:2      | Noticed Jessica
  1633 | D:2      | Killed Jessica
  1633 | D:2      | Reached XP level 4. HP: 24/24 MP: 4/11
  2481 | D:2      | Found a basalt altar of Yredelemnul.
  2487 | D:2      | Learned a level 4 spell: Sticky Flame
  2600 | D:2      | Found a shadowy altar of Dithmenos.
  3073 | D:3      | Found a bloodstained altar of Trog.
  3131 | D:3      | Found a shimmering altar of Xom.
  3139 | D:3      | Found a glowing silver altar of Zin.
  4112 | D:3      | Reached XP level 5. HP: 28/28 MP: 10/13
  5074 | D:4      | Found an ancient bone altar of Kikubaaqudgha.
  5141 | D:4      | Got an ancient dagger
  5142 | D:4      | Identified the +10 dagger of Pandemonium {freeze, Dex+5} (You found it on level 4 of the Dungeon)
  5159 | D:4      | Reached XP level 6. HP: 32/32 MP: 4/15
  5251 | D:4      | Found Byporaosm's Weapon Emporium.
  5260 | D:4      | Reached skill level 5 in Spellcasting
  5260 | D:4      | Reached skill level 5 in Conjurations
  5432 | D:4      | Bought a +2 trident of venom for 194 gold pieces
  5532 | D:4      | Noticed a moth of wrath
  5535 | D:4      | Found a bloodstained altar of Trog.
  5673 | D:4      | Found a sparkling altar of Nemelex Xobeh.
  5716 | D:5      | Entered Level 5 of the Dungeon
  5735 | D:5      | Found a deep blue altar of Sif Muna.
  5745 | D:5      | Became a worshipper of Sif Muna the Loreminder
  5780 | D:5      | Reached skill level 1 in Fighting
  5831 | D:5      | Reached skill level 5 in Fire Magic
  5872 | D:5      | Found a glowing drain.
  5917 | Sewer    | Entered a sewer
  6067 | Sewer    | Reached XP level 7. HP: 37/38 MP: 7/17
  6730 | D:5      | Reached * piety under Sif Muna
  6849 | D:5      | Learned a level 5 spell: Fireball
  7727 | D:5      | Reached XP level 8. HP: 44/44 MP: 10/19
  7782 | D:5      | Found a shimmering altar of Xom.
  8132 | D:5      | Found a staircase to the Ecumenical Temple.
  8865 | D:6      | Noticed Prince Ribbit
  8874 | D:6      | Killed Prince Ribbit
  8874 | D:6      | Reached ** piety under Sif Muna
  8874 | D:6      | Reached skill level 1 in Armour
  9152 | D:6      | Noticed Edmund
  9163 | D:6      | Killed Edmund
  9323 | D:6      | Found a white marble altar of Elyvilon.
  9327 | D:6      | Reached XP level 9. HP: 51/51 MP: 14/22
  9375 | D:6      | Noticed Grinder
  9381 | D:6      | Killed Grinder
  9582 | D:6      | Found a hide-covered altar of Uskayaw.
  9630 | D:6      | Noticed Eustachio
  9657 | D:6      | Killed Eustachio
 10973 | D:7      | Got a twisted short sword
 10974 | D:7      | Identified the cursed +1 short sword "Dragonslayer" {freeze, MR+ Str+3} (You found it on level 7 of the Dungeon)
 12027 | D:8      | Noticed a wizard
 12036 | D:8      | Killed a wizard
 12036 | D:8      | Reached *** piety under Sif Muna
 12036 | D:8      | Reached skill level 10 in Conjurations
 12036 | D:8      | Reached XP level 10. HP: 58/58 MP: 13/24
 12037 | D:8      | Noticed a wizard
 12047 | D:8      | Killed a wizard
 12278 | D:8      | Found an ornate altar of the Wu Jian Council.
 12525 | D:8      | Found a shattered altar of Ashenzari.
 12648 | D:8      | Found Ulemestro's General Store.
 12776 | D:8      | Bought a scroll of teleportation for 45 gold pieces
 13123 | D:8      | Noticed a two-headed ogre
 13135 | D:8      | Killed a two-headed ogre
 13266 | D:8      | Noticed a two-headed ogre
 13284 | D:8      | Killed a two-headed ogre
 13284 | D:8      | Reached skill level 5 in Fighting
 13962 | D:9      | Noticed Grum
 13970 | D:9      | Reached skill level 1 in Short Blades
 13970 | D:9      | Killed Grum
 13972 | D:9      | Reached skill level 10 in Spellcasting
 14226 | D:9      | Found a blossoming altar of Fedhas.
 14226 | D:9      | Found an iron altar of Okawaru.
 14415 | D:9      | Reached XP level 11. HP: 64/64 MP: 13/27
 14825 | D:10     | Entered Level 10 of the Dungeon
 14851 | D:10     | Found Umacing's Food Boutique.
 14862 | D:10     | Found Doagomp's Antique Weapon Boutique.
 14884 | D:10     | Noticed Psyche
 15041 | D:10     | Reached **** piety under Sif Muna
 15678 | D:10     | Got a scorched ring mail
 15842 | D:10     | Got a warped robe
 15853 | D:10     | Identified the cursed +1 robe "Xajon" {Int+2} (You found it on level 10 of the Dungeon)
 16005 | D:10     | Killed Psyche
 16133 | D:10     | Found Gotyotah's General Store.
 16494 | D:10     | Bought a scroll of identify for 26 gold pieces
 16494 | D:10     | Identified the cursed +0 ring mail of Vampiric Thralls {*Drain Int+7 Dex+4} (You found it on level 10 of the Dungeon)
 16718 | D:11     | Noticed a two-headed ogre
 16726 | D:11     | Killed a two-headed ogre
 16828 | D:11     | Noticed a two-headed ogre
 16831 | D:11     | Killed a two-headed ogre
 16831 | D:11     | Reached skill level 5 in Armour
 17106 | D:11     | Noticed zero's ghost (journeyman SpEn)
 17387 | D:11     | Noticed a two-headed ogre
 17491 | D:11     | Killed zero's ghost
 17762 | D:11     | Reached skill level 10 in Fire Magic
 18394 | D:11     | Found Fasusav's Gadget Boutique.
 18411 | D:11     | Killed a two-headed ogre
 18609 | D:11     | Found a staircase to the Lair.
 19226 | Lair:1   | Entered Level 1 of the Lair of Beasts
 19331 | Lair:1   | Reached XP level 12. HP: 55/71 MP: 12/29
 19451 | Lair:1   | Noticed a seven-headed hydra
 19455 | Lair:1   | Killed a seven-headed hydra
 20894 | Lair:2   | Reached skill level 1 in Invocations
 21189 | Lair:2   | Noticed a five-headed hydra
 21192 | Lair:2   | Killed a five-headed hydra
 21250 | Lair:2   | Learned a level 7 spell: Orb of Destruction
 21358 | Lair:2   | Noticed a death yak
 21364 | Lair:2   | Noticed a death yak
 21374 | Lair:2   | Killed a death yak
 21904 | Lair:2   | Reached ***** piety under Sif Muna
 22232 | Lair:3   | Received a gift from Sif Muna
 22418 | Lair:3   | Found a staircase to the Shoals.
 22931 | Lair:3   | Found a staircase to the Snake Pit.
 23482 | Lair:3   | Noticed a five-headed hydra
 23490 | Lair:3   | Killed a five-headed hydra
 23490 | Lair:3   | Reached skill level 1 in Shields
 23956 | Lair:3   | Killed a death yak
 24884 | Lair:4   | Noticed a four-headed hydra
 24887 | Lair:4   | Killed a four-headed hydra
 24893 | Lair:4   | Reached XP level 13. HP: 76/76 MP: 7/31
 25354 | Lair:4   | Annihilated by a spiny frog

Vault maps used:
D:1:      dpeg_arrival_central
D:2:      lemuel_zombie_altar_yredelemnul, lemuel_doored_altar,
          lemuel_round_altar, uniq_jessica
D:3:      zin_statuary, nicolae_overflow_crystal_walls,
          overflow_temple_1_default, serial_forest,
          infiniplex_forest_straight_2, infiniplex_forest_lined_room_2,
          infiniplex_forest_clump_curved, infiniplex_forest_zigzag_1,
          infiniplex_forest_clump_tiny, infiniplex_forest_clump_long,
          infiniplex_forest_lined_3, hangedman_abyss_or_decor_lesser_grid,
          st_stairs_11
D:4:      nemelex_altar_shiori, kiku_gazebo_garden_becter, first_bread,
          serial_shops, shop, minmay_misc_feat_five, tgw_trog
D:5:      old_standard_altar, minmay_temple_entry_fiery,
          cheibrodos_sewer_entry_bend, enter_ossuary_5, dk_xom_monty_hall
D:6:      lemuel_round_altar, kennysheep_mini_moat, uniq_prince_ribbit1,
          uniq_grinder, uniq_edmund, uniq_eustachio
D:8:      cheibrodos_wizards_tower, serial_shops,
          nicolae_shop_temple_entry_statues_fountains, basic_altar,
          nicolae_ashenzari_panopticon
D:9:      gammafunk_temple_overflow_elements, uniq_grum
D:10:     serial_shops, shop_statue, nicolae_shop_behind_doors, shop,
          uniq_psyche
D:11:     grunt_lair_entry_orc_guard_hut, serial_shops, shop_statue,
          grunt_livestock, billiards_dpeg
Lair:2:   infiniplex_staircase_pool
Lair:3:   shoals_dummy_entry, guppyfry_snake_entry_garden,
          infiniplex_staircase_pool_2
Lair:4:   fungi_pond_lemuel, kennysheep_catoblepas_arena
Sewer:    sewer_co_cracked_pipes

Skill      XL: |  1  2  3  4  5  6  7  8  9 10 11 12 13 |
---------------+----------------------------------------+-----
Conjurations   | 2 3 4 5 6 8 10 11 12 | 12.6
Fire Magic     | 4 5 6 7 8 10 12 | 12.2
Spellcasting   | 4 5 6 7 8 10 11 12 | 12.3
Fighting       | 1 2 3 4 5 6 7 |  7.0
Armour         | 1 3 4 5 6 |  6.0
Short Blades   | 1 2 |  2.2
Invocations    | 3 4 |  4.0
Shields        | 2 |  2.7
Dodging        | |  2.4
Stealth        | |  2.4

Action                   |  1- 3 |  4- 6 |  7- 9 | 10-12 | 13-15 || total
-------------------------+-------+-------+-------+-------+-------++-------
Melee: Short sword       |       |     2 |       |       |       ||     2
       Trident           |       |       |    41 |     9 |       ||    50
       Dagger            |       |       |    15 |    43 |     4 ||    62
 Cast: Flame Tongue      |    22 |    57 |    98 |    56 |       ||   233
       Throw Flame       |    21 |    58 |   111 |   288 |     2 ||   480
       Conjure Flame     |       |     2 |     3 |    15 |     2 ||    22
       Sticky Flame      |       |     8 |    26 |    62 |     4 ||   100
       Fireball          |       |       |     5 |    43 |     2 ||    50
       Orb of Destructio |       |       |       |     8 |     3 ||    11
  Use: Scroll            |       |    12 |    10 |     6 |     1 ||    29
       Potion            |       |       |       |     4 |       ||     4
 Stab: Sleeping          |       |       |       |     2 |       ||     2
  Eat: Chunk             |     3 |    15 |    14 |    28 |     4 ||    64
       Meat ration       |       |       |     1 |     4 |       ||     5
       Royal jelly       |       |       |     1 |     2 |       ||     3
       Fruit             |       |       |       |     1 |       ||     1
Armor: Robe              |     1 |     5 |    34 |    43 |     3 ||    86
       Leather armour    |       |       |     1 |     9 |       ||    10
Dodge: Dodged            |     3 |    20 |    66 |    98 |     9 ||   196
Block: Other             |       |       |       |    14 |       ||    14
       Reflection        |       |       |       |     2 |       ||     2
       Buckler           |       |       |       |    17 |     5 ||    22

Table legend:
 A = Spawn XP
 B = Non-spawn XP
 C = Spawn XP percentage of total XP
 D = Spawn monster count
 E = Non-spawn monster count
 F = Spawn count percentage of total count
 G = Total turns spent on level
                    A         B        C        D         E        F      G
               +---------+---------+-------+---------+---------+-------+---------
         Total |       0 |   39782 |   0.0 |       0 |     363 |   0.0 | 25354
               +---------+---------+-------+---------+---------+-------+---------
           D:1 |       0 |      46 |   0.0 |       0 |      28 |   0.0 |  1414
           D:2 |       0 |      71 |   0.0 |       0 |      13 |   0.0 |  1310
           D:3 |       0 |     133 |   0.0 |       0 |      31 |   0.0 |  2269
           D:4 |       0 |     269 |   0.0 |       0 |      12 |   0.0 |   723
           D:5 |       0 |     942 |   0.0 |       0 |      31 |   0.0 |  1930
           D:6 |       0 |    2176 |   0.0 |       0 |      30 |   0.0 |  2176
           D:7 |       0 |    1222 |   0.0 |       0 |      19 |   0.0 |  1318
           D:8 |       0 |    4578 |   0.0 |       0 |      30 |   0.0 |  1775
           D:9 |       0 |    1838 |   0.0 |       0 |      23 |   0.0 |  1308
          D:10 |       0 |    1710 |   0.0 |       0 |      16 |   0.0 |  2183
          D:11 |       0 |    8636 |   0.0 |       0 |      48 |   0.0 |  2463
        Lair:1 |       0 |    3694 |   0.0 |       0 |      15 |   0.0 |  1271
        Lair:2 |       0 |    3805 |   0.0 |       0 |      13 |   0.0 |  1486
        Lair:3 |       0 |    5705 |   0.0 |       0 |      17 |   0.0 |  2378
        Lair:4 |       0 |    4926 |   0.0 |       0 |      20 |   0.0 |   748
         Sewer |       0 |      31 |   0.0 |       0 |      17 |   0.0 |   602
               +---------+---------+-------+---------+---------+-------+---------
